 Dungeon Crawl Stone Soup version bcrawl-1.19.2-6-g6a88ae04c9 (webtiles) character file.

Game seed: 4418943348585789182

87 Mrkan the Cutter (level 4, -1/49 HPs)
             Began as a Kobold Berserker on Jan 7, 2020.
             Was a Priest of Trog.
             Succumbed to Ijyb's poison
             ... on level 3 of the Dungeon.
             The game lasted 00:03:11 (2800 turns).

Mrkan the Cutter (Kobold Berserker)                 Turns: 2800, Time: 00:03:12

Health: -1/49      AC:  2    Str: 20    XL:     4   Next: 80%
Magic:  4/4        EV: 16    Int:  8    God:    Trog [***...]
Gold:   111        SH:  0    Dex: 15    Spells: 3/3 levels left

rFire    . . .     SeeInvis .   a - +0 short sword
rCold    . . .     Gourm    .   (shield restricted)
rNeg     . . .     Faith    .   b - +0 animal skin
rPois    .         Spirit   .   (no helmet)
rElec    .         Reflect  .   (no cloak)
rCorr    .         Harm     .   (no gloves)
MR       .....                  (no boots)
Stlth    ..........             (no amulet)
HPRegen  0.16/turn              (no ring)
MPRegen  0.09/turn              (no ring)

@: berserking, lethally poisoned (-1 -> -54), very quick
A: small, talons 1, carnivore, mutation resistance 1
a: Berserk, Trog's Hand, Renounce Religion


You were on level 3 of the Dungeon.
You worshipped Trog.
Trog was most pleased with you.
You were very full.

You visited 1 branch of the dungeon, and saw 3 of its levels.

You collected 111 gold pieces.

Inventory:

Hand Weapons
 a - a +0 short sword (weapon)
Armour
 b - a +0 animal skin (worn)
Jewellery
 f - an uncursed ring of ice {unknown}
Wands
 j - a wand of paralysis (6)
Scrolls
 d - 2 scrolls of blinking {unknown}
 e - a scroll of enchant weapon {unknown}
 g - a scroll of amnesia {unknown}
 h - a scroll of teleportation {unknown}
 m - 2 scrolls of identify {unknown}
 n - a scroll of immolation {unknown}
Potions
 i - a potion of flight {unknown}
 k - 2 potions of degeneration {unknown}
 l - a potion of cancellation {unknown}
 o - a potion of heal wounds {unknown}
Comestibles
 c - 4 rations {!d}


   Skills:
 + Level 3.8 Fighting
 * Level 5.3 Short Blades
 + Level 2.7 Armour
 + Level 3.2 Dodging


You had 3 spell levels left.
You didn't know any spells.
Your spell library was empty.

Dungeon Overview and Level Annotations

Branches:
Dungeon (3/12)

Altars:

Annotations:
D:3 Ijyb


Innate Abilities, Weirdness & Mutations

You are small and have problems with some larger weapons.
You have sharp toenails.
You are carnivorous and can eat meat at any time.
You are somewhat resistant to further mutation.


Message History

Ijyb is heavily wounded.
You feel very sick.
Ijyb hits you with a +1 dagger of venom.
* * * LOW HITPOINT WARNING * * *
You are more poisoned.
Ijyb barely misses you.
A red film seems to cover your vision as you go berserk!
You feel yourself moving faster!
You feel mighty!
You feel a lot less full.
* * * LOW HITPOINT WARNING * * *
You feel very sick.
Ijyb hits you with a +1 dagger of venom.
* * * LOW HITPOINT WARNING * * *
You are more poisoned.
You closely miss Ijyb. Your kick misses Ijyb.
Ijyb is heavily wounded.
* * * LOW HITPOINT WARNING * * *
You feel sick. Ijyb hits you but does no damage.
You barely miss Ijyb. Your kick misses Ijyb.
Ijyb is heavily wounded.
You die...

# # # ########### ###
#.........#######..
#.#####....(....#..
##.#####.........#..
#................#..
#..@.###.........#..
#...g...<......#####..
#$.............#######
#...............##....
###....####........#.#
##.#.# #......###.#
.^..........### .)# #.
.......### .#.. ######
####.


You could see Ijyb (berserk).

Vanquished Creatures
  2 oozes (D:1)
  4 worms (D:2)
  2 dart slugs
  2 leopard geckos
  A ball python (D:2)
  4 giant cockroaches
  4 goblins (D:1)
  6 hobgoblins
  8 jackals (D:2)
  5 quokkas
  4 bats
  6 frilled lizards
  A kobold (D:3)
  10 rats
59 creatures vanquished.

Notes
Turn   | Place    | Note
-------+----------+-------------------------------------------
     0 | D:1      | Mrkan the Kobold Berserker began the quest for the Orb.
     0 | D:1      | Reached XP level 1. HP: 16/16 MP: 1/1
   368 | D:1      | Reached XP level 2. HP: 21/21 MP: 2/2
   469 | D:1      | Reached XP level 3. HP: 25/26 MP: 3/3
   796 | D:1      | Reached ** piety under Trog
  1279 | D:2      | Reached skill level 5 in Short Blades
  1316 | D:2      | Reached XP level 4. HP: 23/33 MP: 4/4
  2366 | D:2      | Reached *** piety under Trog
  2785 | D:3      | Noticed Ijyb
  2799 | D:3      | HP: 2/49 [poisoned by Ijyb]
  2800 | D:3      | Succumbed to Ijyb's poison

Skill      XL: |  1  2  3 |
---------------+----------+-----
Dodging        | 3 |  3.2
Short Blades   | 5 |  5.3
Fighting       | |  3.8
Armour         | |  2.7

Action                   |  1- 3 |  4- 6 || total
-------------------------+-------+-------++-------
Melee: Short sword       |    89 |    85 ||   174
       Kick              |    18 |    29 ||    47
Invok: Berserk           |       |     1 ||     1
 Stab: Sleeping          |     5 |     1 ||     6
  Eat: Chunk             |    10 |     3 ||    13
Armor: Animal skin       |    10 |     6 ||    16
Dodge: Dodged            |    68 |    57 ||   125
